 Dungeon Crawl Stone Soup version 0.27-a0-1434-g6f15984924 (webtiles) character file.

Game seed: 18045974041814815147

29386 Conn the Arsonist (level 13, -7/78 HPs)
             Began as an Octopode Fire Elementalist on July 3, 2021.
             Was an Elder of Sif Muna.
             Mangled by a wolf (10 damage)
             ... on level 3 of the Lair of Beasts.
             The game lasted 01:13:16 (18573 turns).

Conn the Arsonist (Octopode Fire Elementalist)     Turns: 18573, Time: 01:13:17

Health: -7/78      AC:  1    Str: 12    XL:     13   Next: 44%
Magic:  12/36      EV: 14    Int: 27    God:    Sif Muna [****..]
Gold:   1190       SH:  7    Dex: 12    Spells: 1/33 levels left

rFire    + . .     SeeInvis .   I - +6 mace of the Priest {freeze, Str+5 Int+4}
rCold    x . .     Faith    .   F - +3 buckler
rNeg     + . .     Spirit   .   (helmet restricted)
rPois    +         Reflect  .   E - amulet of regeneration
rElec    .         Harm     .   k - ring of wizardry
rCorr    .         Rampage  .   v - ring of magical power
Will     .....                  z - ring of positive energy
Stlth    ++++......             D - ring of fire
HPRegen  1.23/turn              (no ring)
MPRegen  0.25/turn              (no ring)
                                (no ring)
                                (no ring)

@: no status effects
A: almost no armour, amphibious, 8 rings, camouflage 1, gelatinous body 1,
(nimble swimmer 1), tentacles, tentacle spike 1, poison resistance
a: Renounce Religion, Channel Magic, Forget Spell, Divine Exegesis


You were on level 3 of the Lair of Beasts.
You worshipped Sif Muna.
Sif Muna was greatly pleased with you.
You visited 4 branches of the dungeon, and saw 17 of its levels.

You collected 1190 gold pieces.

Inventory:

Hand Weapons
 e - a +0 dagger
 p - a +4 quarterstaff of chaos
 s - a +2 spear of freezing
 B - a +2 dagger of freezing
 I - the +6 mace of the Priest (weapon) {freeze, Str+5 Int+4}
   (You found it on level 9 of the Dungeon)

   It has been specially enchanted to freeze those struck by it, causing extra
   injury to most foes and up to half again as much damage against particularly
   susceptible opponents.
   It can also slow down cold-blooded creatures.
   Str:       It affects your strength (+5).
   Int:       It affects your intelligence (+4).
Missiles
 w - 3 throwing nets
 x - 11 atropa-tipped darts
 H - 5 boomerangs of dispersal
 M - 5 curare-tipped darts
Armour
 F - a +3 buckler (worn)
Magical Staves
 q - a staff of poison
 G - a staff of air
Jewellery
 k - a ring of wizardry (left tentacle)
 v - a ring of magical power (right tentacle)
 z - a ring of positive energy (on tentacle)
 D - a ring of fire (on tentacle)
 E - an amulet of regeneration (around mantle)
Wands
 i - a wand of flame (45)
 A - a wand of iceblast (33)
 C - a wand of paralysis (11)
 K - a wand of acid (9)
Scrolls
 c - a scroll of vulnerability
 d - a scroll of immolation
 g - 10 scrolls of identify
 l - a scroll of fog
 m - a scroll of summoning {unknown}
 n - a scroll of magic mapping
 u - a scroll of blinking
 y - 2 scrolls of enchant armour
 O - a scroll of fear
Potions
 a - a potion of lignification
 b - 3 potions of attraction
 f - 3 potions of brilliance
 h - 4 potions of curing
 j - 3 potions of flight
 o - 3 potions of invisibility {unknown}
 r - a potion of heal wounds
 t - 2 potions of degeneration
 J - a potion of haste
 L - a potion of cancellation
 N - 2 potions of mutation


   Skills:
 + Level 3.5 Fighting
 + Level 2.9 Maces & Flails
 + Level 3.6 Polearms
 + Level 0.5(3.0) Staves
 + Level 4.7 Dodging
 + Level 7.2 Stealth
 * Level 2.7 Shields
 + Level 10.8 Spellcasting
 + Level 9.8 Conjurations
 + Level 0.3 Hexes
 * Level 1.3 Summonings
 * Level 11.9 Fire Magic
 * Level 2.3 Ice Magic
 - Level 5.0 Earth Magic
 - Level 5.2 Invocations


You had one spell level left.
You knew the following spells:

 Your Spells              Type           Power      Damage    Failure   Level
a - Foxfire               Conj/Fire      100%       2x1d9     1%          1
b - Conjure Flame         Conj/Fire      83%        6-21      1%          3
c - Inner Flame           Hex/Fire       64%        N/A       1%          3
d - Sticky Flame          Conj/Fire      83%        2d9       1%          4
e - Fireball              Conj/Fire      41%        3d17      1%          5
f - Bolt of Magma         Conj/Fire/Erth 38%        4d16      1%          5
g - Fulminant Prism       Conj/Hex       21%        3d13      2%          4
h - Stone Arrow           Conj/Erth      100%       3d13      1%          3
i - Summon Ice Beast      Ice/Summ       24%        N/A       9%          4

Your spell library contained the following spells:

 Spells                   Type           Power      Damage    Failure   Level
 Animate Skeleton         Necr           28%        N/A       1%          1
 Apportation              Tloc           28%        N/A       1%          1
 Beastly Appendage        Tmut           28%        N/A       1%          1
 Corona                   Hex            17%        N/A       1%          1
 Magic Dart               Conj           100%       1d8       1%          1
 Sandblast                Erth           82%        2d17      1%          1
 Summon Small Mammal      Summ           88%        N/A       1%          1
 Passwall                 Tmut/Erth      23%        N/A       1%          2
 Searing Ray              Conj           100%       3d7       1%          2
 Static Discharge         Conj/Air       41%        N/A       1%          2
 Ignite Poison            Fire/Tmut/Pois 52%        N/A       1%          3
 Slow                     Hex            16%        N/A       2%          2
 Sublimation of Blood     Necr           7%         N/A       2%          2
 Wereblood                Tmut           14%        N/A       2%          2
 Frozen Ramparts          Ice            54%        1d7       2%          3
 Call Canine Familiar     Summ           22%        N/A       3%          3
 Confusing Touch          Hex            16%        N/A       4%          3
 Portal Projectile        Hex/Tloc       30%        N/A       5%          3
 Spider Form              Tmut/Pois      7%         N/A       6%          3
 Swiftness                Air            14%        N/A       6%          3
 Vampiric Draining        Necr           7%         2d7       6%          3
 Leda's Liquefaction      Hex/Erth       14%        N/A       6%          4
 Petrify                  Tmut/Erth      28%        N/A       6%          4
 Lee's Rapid Deconstruct  Erth           20%        3d13*     6%          5
 Irradiate                Conj/Tmut      20%        3d20      7%          5
 Ice Form                 Ice/Tmut       20%        N/A       12%         4
 Summon Lightning Spire   Summ/Air       18%        N/A       14%         4
 Dispel Undead            Necr           14%        3d10      17%         4
 Invisibility             Hex            8%         N/A       91%         6
 Lehudib's Crystal Spear  Conj/Erth      26%        10d7      99%         8
 Storm Form               Tmut/Air       7%         N/A       100%        7
 Summon Hydra             Summ           11%        N/A       100%        7
 Maxwell's Capacitive Co  Air            7%         ∞         100%        8
 Shatter                  Erth           20%        3d18*     100%        9
 Animate Armour           Summ/Erth      Unusable   N/A       N/A         4

Dungeon Overview and Level Annotations

Branches:
Dungeon (11/15)            Temple (1/1) D:6            Lair (3/6) D:10
    Orc (2/2) D:11            Elf (0/3) Orc:2
  Swamp: Lair:2-4    Shoals: Lair:2-4     Snake: Lair:2-4    Spider: Lair:2-4

Altars:
Ashenzari
Cheibriados
Dithmenos
Elyvilon
Fedhas
Gozag
Hepliaklqana
Kikubaaqudgha
Makhleb
Nemelex Xobeh
Okawaru
Qazlal
Ru
Sif Muna
Trog
Uskayaw
Vehumet
Wu Jian
Xom
Yredelemnul
Zin
The Shining One

Shops:
Orc:2 [

Annotations:
D:3 1 runed translucent door, twist's ghost, amateur DjIE
Orc:2 Donald


Innate Abilities, Weirdness & Mutations

You cannot wear most types of armour.
You are amphibious.
You can wear up to eight rings at the same time.
Your skin changes colour to match your surroundings (Stealth+).
Your rubbery body absorbs attacks. (AC +1, EV +1)
((You are camouflaged near water. (Stealth+)))
You have tentacles for arms and can constrict up to eight enemies at once.
One of your tentacles bears a spike.
Your system is resistant to poisons. (rPois)


Message History

Aiming: Bolt of Magma (dangerous; 1% risk of failure)
Press: ? - help, Shift-Dir - straight line, f - wolf
Aim: a wolf (almost dead, 57% to hit)
You feel a surge of power!
The bolt of magma misses the wolf.
The wolf bites you. You block the wolf's attack. The wolf closely misses you.
The bullfrog hits you!
* * * LOW HITPOINT WARNING * * *
The wolf barely misses you.
Casting: Bolt of Magma (dangerous; 1% risk of failure)
Confirm with . or Enter, or press ? or * to list all spells.
Okay, then.
Unknown command.
Casting: Bolt of Magma (dangerous; 1% risk of failure)
Confirm with . or Enter, or press ? or * to list all spells.
Okay, then.
You block the wolf's attack. The wolf bites you!
* * * LOW HITPOINT WARNING * * *
Casting: Bolt of Magma (dangerous; 1% risk of failure)
Confirm with . or Enter, or press ? or * to list all spells.
Aiming: Bolt of Magma (dangerous; 1% risk of failure)
Press: ? - help, Shift-Dir - straight line, f - bullfrog, p - wolf
Aim: a bullfrog (67% to hit)
You feel a surge of power!
The bolt of magma misses the wolf.
The bolt of magma misses the bullfrog.
The wolf misses you. You block the wolf's attack. The wolf barely misses you.
Casting: Bolt of Magma (dangerous; 1% risk of failure)
Confirm with . or Enter, or press ? or * to list all spells.
Aiming: Bolt of Magma (dangerous; 1% risk of failure)
Press: ? - help, Shift-Dir - straight line, f/p - bullfrog
Aim: a bullfrog (67% to hit)
You feel a surge of power!
The bolt of magma misses the wolf.
The bolt of magma hits the bullfrog!!!
You kill the bullfrog!
Sif Muna accepts your kill. The wolf bites you!
* * * LOW HITPOINT WARNING * * *
The wolf bites you.
* * * LOW HITPOINT WARNING * * *
The wolf closely misses you. The wolf bites you!
You die...

...##..#....###..P##.##
....###.#.#####..## ..#
...P..P..#.#.....#. ..
..................>
...................
####....##P##P..##
##.#..##########
##P.P...###..#.####
..........†h@.......
.........†.h........
##..###..######.####
### #...# # #....#
.F..... .........
###..P....# #..P#..##


You could see 2 wolves.

Vanquished Creatures
  Harold (D:11)
  3 boulder beetles
  3 two-headed ogres
  An orc high priest (Orc:2)
  Sonja (D:11)
  5 skeletal warriors (D:11)
  Pikel (D:7)
  A deep elf zephyrmancer (Orc:2)
  2 deep elf pyromancers (Orc:2)
  5 orc sorcerers
  An orc knight (Orc:2)
  A manticore (D:11)
  An ugly thing (D:8)
  An elephant (D:10)
  An ice statue (D:10)
  A gargoyle (D:11)
  4 cane toads
  A rime drake (Lair:3)
  2 trolls
  A polar bear (Lair:2)
  A vampire (D:10)
  3 basilisks
  29 yaks
  5 vampire mosquitoes
  Menkaure (D:6)
  Grum (D:10)
  A warg (Orc:2)
  An acid dragon (D:10)
  5 water moccasins
  An ice beast (D:6)
  12 orc warriors
  2 black bears
  2 necrophages (D:6)
  An ogre (Orc:1)
  7 wolves
  8 centaurs
  15 bullfrogs
  3 scorpions
  10 killer bees
  13 wights
  An electric eel (Lair:2)
  2 howler monkeys
  4 centaur zombies
  2 hounds
  Crazy Yiuf (D:3)
  3 jellies
  5 orc priests
  3 gnoll shamans
  2 iguanas
  14 orc wizards
  A howler monkey zombie (D:9)
  7 adders
  13 gnolls
  A shadow imp (D:6)
  2 white imps
  An ufetubus (D:5)
  An adder zombie (D:5)
  An adder skeleton (D:4)
  7 worms
  A dart slug (D:1)
  46 orcs
  5 ball pythons
  4 endoplasms
  3 giant cockroaches
  12 goblins
  11 hobgoblins
  13 jackals
  5 quokkas
  5 bats
  5 frilled lizards
  5 kobolds
  3 rats
347 creatures vanquished.

Vanquished Creatures (others)
  An orc wizard (Orc:2)
  942 foxfires
  2 fulminant prisms
  7 fungi
  7 plants
959 creatures vanquished.

Grand Total: 1306 creatures vanquished

Notes
Turn   | Place    | Note
-------+----------+-------------------------------------------
     0 | D:1      | Conn the Octopode Fire Elementalist began the quest for the
                  | Orb.
     0 | D:1      | Reached XP level 1. HP: 11/11 MP: 3/3
   275 | D:1      | Reached XP level 2. HP: 14/17 MP: 3/5
   787 | D:1      | Reached XP level 3. HP: 21/21 MP: 3/6
  1392 | D:2      | Reached XP level 4. HP: 27/27 MP: 4/7
  1447 | D:2      | Learned a level 3 spell: Conjure Flame
  1451 | D:2      | Learned a level 3 spell: Inner Flame
  2440 | D:3      | Found a runed translucent door.
  2443 | D:3      | Noticed twist's ghost (amateur DjIE)
  2541 | D:3      | Reached skill level 4 in Fire Magic
  2541 | D:3      | Reached XP level 5. HP: 31/31 MP: 6/9
  3033 | D:3      | Found a runed translucent door.
  3034 | D:3      | Noticed Crazy Yiuf
  3056 | D:3      | Killed Crazy Yiuf
  3492 | D:3      | Learned a level 4 spell: Sticky Flame
  3642 | D:4      | Reached XP level 6. HP: 36/36 MP: 5/11
  4550 | D:4      | Found a sparkling altar of Nemelex Xobeh.
  4561 | D:4      | Found a burning altar of Makhleb.
  4572 | D:4      | Found a snail-covered altar of Cheibriados.
  4771 | D:5      | Entered Level 5 of the Dungeon
  4812 | D:5      | Noticed a black bear
  4843 | D:5      | Killed a black bear
  4844 | D:5      | Reached XP level 7. HP: 22/41 MP: 13/13
  6076 | D:5      | Reached skill level 5 in Spellcasting
  6474 | D:6      | Found a staircase to the Ecumenical Temple.
  6484 | D:6      | Reached skill level 1 in Fighting
  6484 | D:6      | Reached skill level 5 in Stealth
  6484 | D:6      | Reached XP level 8. HP: 33/48 MP: 15/15
  6505 | Temple   | Entered the Ecumenical Temple
  6511 | Temple   | Became a worshipper of Sif Muna the Loreminder
  6589 | D:6      | Reached skill level 1 in Polearms
  6637 | D:6      | Noticed Menkaure
  6643 | D:6      | Killed Menkaure
  6644 | D:6      | Reached skill level 5 in Fire Magic
  6974 | D:6      | HP: 2/48 [gnoll (11)]
  8129 | D:7      | Found an ancient bone altar of Kikubaaqudgha.
  8129 | D:7      | Found an iron altar of Okawaru.
  8130 | D:7      | Found a hazy altar of Hepliaklqana.
  8144 | D:7      | Learned a level 5 spell: Fireball
  8453 | D:7      | Noticed Pikel
  8481 | D:7      | Killed Pikel
  8482 | D:7      | Reached skill level 5 in Conjurations
  8482 | D:7      | Reached XP level 9. HP: 40/54 MP: 15/19
  9021 | D:7      | Reached * piety under Sif Muna
  9467 | D:8      | Noticed a white ugly thing
  9567 | D:8      | Killed a white ugly thing
  9568 | D:8      | Reached skill level 6 in Fire Magic
 10003 | D:8      | Identified the +3 ring mail "Ykhaluh" {rF+ Will++}
 10169 | D:8      | Found a stormy altar of Qazlal.
 10206 | D:8      | Reached XP level 10. HP: 53/60 MP: 22/22
 10694 | D:9      | Noticed a two-headed ogre
 10730 | D:9      | Killed a two-headed ogre
 11006 | D:9      | Identified the +6 mace of the Priest {freeze, Str+5 Int+4}
 11042 | D:9      | Reached skill level 7 in Fire Magic
 11061 | D:9      | You fall into a shaft and drop 2 floors!
 11146 | D:10     | Entered Level 10 of the Dungeon
 11249 | D:10     | Reached ** piety under Sif Muna
 11455 | D:10     | Learned a level 5 spell: Bolt of Magma
 11460 | D:10     | Learned a level 4 spell: Fulminant Prism
 11501 | D:10     | Noticed an elephant
 11511 | D:10     | Reached skill level 1 in Maces & Flails
 11523 | D:10     | Killed an elephant
 11524 | D:10     | Reached skill level 1 in Earth Magic
 11524 | D:10     | Reached skill level 1 in Invocations
 11531 | D:10     | Found a staircase to the Lair.
 11567 | D:10     | Noticed a two-headed ogre
 11592 | D:10     | Killed a two-headed ogre
 11608 | D:10     | Reached XP level 11. HP: 66/66 MP: 5/23
 12254 | D:10     | Reached skill level 8 in Fire Magic
 12590 | D:10     | Noticed a boulder beetle
 12666 | D:10     | Learned a level 3 spell: Stone Arrow
 12720 | D:10     | Noticed a two-headed ogre
 12764 | D:10     | Killed a two-headed ogre
 12859 | D:10     | Killed a boulder beetle
 13171 | D:10     | Noticed Grum
 13186 | D:10     | Killed Grum
 13652 | D:11     | Noticed a boulder beetle
 13658 | D:11     | Killed a boulder beetle
 13659 | D:11     | Reached skill level 9 in Fire Magic
 13744 | D:11     | Noticed Sonja
 13746 | D:11     | Killed Sonja
 13748 | D:11     | Noticed a skeletal warrior
 13767 | D:11     | Killed a skeletal warrior
 13770 | D:11     | Noticed a skeletal warrior
 13780 | D:11     | Killed a skeletal warrior
 13785 | D:11     | Noticed a skeletal warrior
 13853 | D:11     | Killed a skeletal warrior
 13854 | D:11     | Reached XP level 12. HP: 55/72 MP: 1/25
 14338 | D:11     | Found a staircase to the Orcish Mines.
 14417 | D:11     | Reached *** piety under Sif Muna
 14442 | D:11     | Reached skill level 5 in Invocations
 14443 | D:11     | Reached skill level 10 in Fire Magic
 14601 | D:11     | Noticed Harold
 14609 | D:11     | Killed Harold
 14721 | D:11     | Reached skill level 5 in Earth Magic
 15169 | Orc:1    | Entered Level 1 of the Orcish Mines
 15175 | Orc:1    | You fall into a shaft and drop 1 floor!
 15175 | Orc:2    | Entered Level 2 of the Orcish Mines
 15295 | Orc:2    | Reached skill level 10 in Spellcasting
 15484 | Orc:2    | Reached **** piety under Sif Muna
 15647 | Orc:2    | Reached skill level 11 in Fire Magic
 15648 | Orc:1    | Noticed an orc high priest
 15669 | Orc:2    | Noticed an orc high priest
 15673 | Orc:2    | Noticed a soul eater
 15675 | Orc:2    | Killed an orc high priest
 15684 | Orc:2    | Noticed Donald
 15688 | Orc:2    | Found Ikhik's Armour Shop.
 15688 | Orc:2    | Found a staircase to the Elven Halls.
 15705 | Orc:1    | Reached XP level 13. HP: 77/77 MP: 2/27
 15862 | D:11     | Learned a level 4 spell: Summon Ice Beast
 15935 | Lair:1   | Entered Level 1 of the Lair of Beasts
 16087 | Lair:1   | Reached skill level 1 in Shields
 16384 | Lair:1   | Found a hide-covered altar of Uskayaw.
 16384 | Lair:1   | Found an ornate altar of the Wu Jian Council.
 16413 | Lair:1   | Reached skill level 1 in Summonings
 16413 | Lair:1   | Reached skill level 1 in Ice Magic
 18328 | Lair:2   | Gained mutation: One of your tentacles bears a spike.
                  | [potion of mutation]
 18328 | Lair:2   | Gained mutation: Your system is resistant to poisons.
                  | (rPois) [potion of mutation]
 18573 | Lair:3   | HP: 3/78 [wolf (1)]
 18573 | Lair:3   | Mangled by a wolf

Illustrated notes

Levels and vault maps discovered:
D:1:      nzn_arrival_depleted_hourglass, layout_rooms
D:2:      layout_rooms, feat_on_display
D:3:      layout_loops_ring, hellmonk_ghost_happy_afterlife,
          uniq_crazy_yiuf_cottage
D:4:      minmay_chambers_of_fours, layout_cave_pools,
          minmay_overflow_temple_star_quad
D:5:      layout_basic, hangedman_decor_points
D:6:      layout_basic, minmay_temple_entry_grid, kennysheep_decorative_pillar,
          corexii_corridor_pit, kennysheep_generic_room_12, uniq_menkaure
D:7:      layout_loops_ring, gammafunk_temple_overflow_forgotten, uniq_pikel
D:8:      layout_cave_pods, grunt_qazlal_sundering
D:9:      layout_small_grid
D:10:     layout_loops_corners, david_lair_generic, minivault_16, uniq_grum
D:11:     layout_loops_ring, hiddenorc1_lemuel, uniq_sonja, uniq_harold
Temple:   nicolae_temple_no_exploring_needed
Lair:1:   layout_chaotic_city, st_stairs_12, nzn_masters_of_martial_movement
Lair:2:   layout_cave_pods, beast_lair_carwin_8, infiniplex_staircase_pool,
          serial_bayou_shore_b, lemuel_fruit_tree, serial_bayou_shore_b
Lair:3:   cheibrodos_lair_river_kwai, layout_long_grid, dummy_snake_entry,
          beast_lair_carwin_5
Orc:1:    layout_caves
Orc:2:    st_orc_mages, layout_caves, serial_shops, shop, elves_outpost_lemuel,
          uniq_donald

Skill      XL: |  1  2  3  4  5  6  7  8  9 10 11 12 13 |
---------------+----------------------------------------+-----
Stealth        | 3 4 5 6 7 |  7.2
Spellcasting   | 3 4 5 6 8 9 10 | 10.8
Fire Magic     | 4 5 6 7 9 11 | 11.9
Conjurations   | 2 3 5 6 7 8 9 |  9.8
Fighting       | 1 2 3 |  3.5
Polearms       | 2 3 |  3.6
Dodging        | 3 4 |  4.7
Maces & Flails | 1 2 |  2.9
Earth Magic    | 2 4 5 |  5.0
Invocations    | 2 4 5 |  5.2
Shields        | 2 |  2.7
Summonings     | 1 |  1.3
Ice Magic      | 2 |  2.3
Staves         | |  0.5
Hexes          | |  0.3

Action                   |  1- 3 |  4- 6 |  7- 9 | 10-12 | 13-15 || total
-------------------------+-------+-------+-------+-------+-------++-------
Melee: Unarmed           |     6 |       |       |       |       ||     6
       Constrict         |     3 |     4 |    16 |     7 |     8 ||    38
       Tentacles         |     1 |     4 |     8 |    11 |     8 ||    32
       Dagger            |    12 |     4 |       |       |       ||    16
       Quarterstaff      |       |    14 |       |       |       ||    14
       Spear             |       |       |    73 |       |       ||    73
       Mace              |       |       |       |    49 |    37 ||    86
       Kick              |       |       |       |       |     3 ||     3
 Cast: Foxfire           |    63 |   126 |   140 |   157 |    38 ||   524
       Sticky Flame      |       |     2 |    19 |    33 |    11 ||    65
       Conjure Flame     |       |     1 |     6 |    23 |     4 ||    34
       Fireball          |       |       |     6 |    70 |    15 ||    91
       Fulminant Prism   |       |       |       |     1 |     1 ||     2
       Bolt of Magma     |       |       |       |    11 |    17 ||    28
       Stone Arrow       |       |       |       |     2 |       ||     2
       Summon Ice Beast  |       |       |       |       |     3 ||     3
Invok: Channel Magic     |       |       |       |     4 |       ||     4
  Use: Scroll            |       |     1 |     3 |     4 |     5 ||    13
       Potion            |       |     1 |     2 |    10 |     1 ||    14
 Stab: Sleeping          |       |    10 |     7 |     1 |     2 ||    20
       Distracted        |       |     1 |     1 |       |       ||     2
Armor: Skin              |     6 |       |     8 |     6 |       ||    20
Dodge: Dodged            |    27 |    41 |    66 |   117 |    45 ||   296
Block: Buckler           |       |       |       |       |    14 ||    14

Table legend: (Time is in decaauts)
 A = Elapsed time spent in this place.
 B = Non-inter-level travel time spent in this place.
 C = Inter-level travel time spent in this place.
 D = Time resting spent in this place.
 E = Time spent auto-exploring this place.
 F = Levels seen in this place.
 G = Mean time per level.
                   A        B        C        D        E       F      G
               +--------+--------+--------+--------+--------+-----+--------+
         Total |  18606 |  18325 |    281 |   2239 |  11187 |  17 | 1094.5 |
       Dungeon |  15399 |  15169 |    230 |   2049 |   9037 |  11 | 1399.9 |
        Temple |     12 |     12 |      0 |      0 |      0 |   1 |   12.0 |
          Lair |   2649 |   2599 |     50 |    102 |   2037 |   3 |  883.0 |
  Orcish Mines |    545 |    545 |      0 |     88 |    113 |   2 |  272.5 |
               +--------+--------+--------+--------+--------+-----+--------+

Top non-repeatable levels by time:
    D:10: 2030 daAuts
    D:11: 1902 daAuts
     D:5: 1711 daAuts
     D:7: 1539 daAuts
     D:6: 1372 daAuts
     D:3: 1286 daAuts
  Lair:2: 1278 daAuts
     D:4: 1254 daAuts
     D:8: 1230 daAuts
     D:2: 1166 daAuts
  Lair:1: 1151 daAuts
     D:1: 1065 daAuts
     D:9: 839 daAuts
   Orc:2: 518 daAuts
  Lair:3: 218 daAuts
